 Dungeon Crawl Stone Soup version 0.20-a0-1127-g1289703 (webtiles) character file.

151 Monsterracer the Changer (level 5, -9/37 HPs)
             Began as a Merfolk Transmuter on May 18, 2017.
             Killed by nerve-wracking pain
             ... invoked by Menkaure
              (13 damage)
             ... on level 4 of the Dungeon.
             The game lasted 00:07:44 (3958 turns).

Monsterracer the Changer (Merfolk Transmuter)       Turns: 3958, Time: 00:07:44

Health: -9/37      AC:  5    Str:  9    XL:     5   Next: 33%
Magic:  17/17      EV: 16    Int: 15    God:
Gold:   187        SH:  0    Dex: 16    Spells: 4/8 levels left

rFire    . . .     SeeInvis .     - Unarmed
rCold    . . .     Gourm    .   (no shield)
rNeg     . . .     Faith    .   b - +0 robe
rPois    .         Spirit   .   (no helmet)
rElec    .         Reflect  .   o - +2 cloak
rCorr    .         Harm     .   (no gloves)
MR       .....                  (boots currently unavailable)
Stlth    ++........             (no amulet)
Regen    0.2/turn               f - ring of magical power (curse)
MPRegen  0.2/turn               r - +1 ring of slaying

@: appendage, drained, very quick
A: change form in water, swift swim, stealthy swim, horns 2, agile 1, clever 1,
weak 1
a: End Transformation


You were on level 4 of the Dungeon.
You were very hungry.
You had grown temporary horns.
You visited 1 branch of the dungeon, and saw 4 of its levels.

You collected 187 gold pieces.

Inventory:

Missiles
 a - 54 arrows
Armour
 b - a +0 robe (worn)
 o - a +2 cloak (worn)
Jewellery
 f - a cursed ring of magical power (left hand)
 r - a +1 ring of slaying (right hand)
Wands
 p - a wand of enslavement (14/24)
Scrolls
 e - a scroll of amnesia {unknown}
 h - a scroll of fog {unknown}
 i - a scroll of noise {unknown}
 j - a scroll of magic mapping {unknown}
 k - 3 scrolls of identify {unknown}
 l - 2 scrolls of remove curse {unknown}
 m - a scroll of enchant weapon {unknown}
 q - 2 scrolls of fear {unknown}
 s - a scroll of teleportation {unknown}
Books
 c - a book of Changes

   Spells                             Type                      Level
   a - Beastly Appendage              Transmutation                1
   b - Sticks to Snakes               Transmutation                2
   c - Spider Form                    Transmutation/Poison         3
   d - Ice Form                       Ice/Transmutation            4
   e - Blade Hands                    Transmutation                5
Comestibles
 d - 2 bread rations
 g - 2 royal jellies
 n - a meat ration


   Skills:
 - Level 1.1(0.7) Fighting
 - Level 2.6(2.3) Dodging
 + Level 4.5(4.2) Unarmed Combat
 - Level 2.0(1.6) Spellcasting
 * Level 5.9(5.6) Transmutations


You had 4 spell levels left.
You knew the following spells:

 Your Spells              Type           Power        Failure   Level  Hunger
a - Beastly Appendage     Tmut           ###...       2%          1    ##.....
b - Spider Form           Tmut/Pois      #.........   22%         3    ####...


Dungeon Overview and Level Annotations

Branches:
Dungeon (4/15)
 Temple: D:4-7

Altars:
Ashenzari
Dithmenos
Fedhas
Trog

Annotations:
D:4 Menkaure


Innate Abilities, Weirdness & Mutations

You revert to your normal form in water.
You are very nimble and swift while swimming.
You are very stealthy in the water. (Stealth+)
You have a pair of horns on your head.
You are agile. (Dex +2)
Your mind is acute. (Int +2)
You are weak. (Str -2)


Message History

Menkaure is lightly damaged.
Menkaure closely misses you.
You hit Menkaure but do no damage. You headbutt Menkaure.
Menkaure is moderately damaged.
Menkaure hits you. Menkaure hits you!
* * * LOW HITPOINT WARNING * * *
You see here 12 gold pieces.
You aren't carrying any potions.
You now have 187 gold pieces (gained 12).
Menkaure calls on the powers of darkness!
Your body is wracked with pain!
* * * LOW HITPOINT WARNING * * *
Menkaure completely misses you.
Your legs become a tail as you enter the water.
Menkaure casts a spell at you. Pain shoots through your body!
* * * LOW HITPOINT WARNING * * *
Menkaure gestures at you while chanting.
Pain shoots through your body!
You die...

##.....=#.....#
#............#
##.......)...##
#### #.....#.!...##
#..####....##.....#
#....#...M###....##
#........####...##
#......≈≈≈≈##..##
#.....≈@≈≈.##..#
#......≈_..##..#
.#.....≈≈.≈..#..
#.........≈.≈.....
#####......######.
##....## ##...##
#.#..### ####...##
#


You could see Menkaure.

Vanquished Creatures
  5 adders
  4 oozes
  A worm (D:3)
  5 dart slugs
  3 leopard geckos
  7 orcs (D:3)
  3 ball pythons
  4 giant cockroaches
  5 goblins
  6 hobgoblins
  2 quokkas (D:3)
  6 bats
  6 frilled lizards
  8 kobolds
  5 rats
70 creatures vanquished.

Notes
Turn   | Place    | Note
-------+----------+-------------------------------------------
     0 | D:1      | Monsterracer the Merfolk Transmuter began the quest for the Orb.
     0 | D:1      | Reached XP level 1. HP: 15/15 MP: 3/3
    28 | D:1      | Reached skill level 3 in Transmutations
    81 | D:1      | Reached XP level 2. HP: 19/21 MP: 5/5
   321 | D:1      | Gained mutation: Your mind is acute. (Int +2) [potion of mutation]
   321 | D:1      | Gained mutation: You are weak. (Str -2) [potion of mutation]
   321 | D:1      | Gained mutation: You are agile. (Dex +2) [potion of mutation]
   666 | D:1      | Reached XP level 3. HP: 24/26 MP: 6/6
   668 | D:1      | Reached skill level 4 in Transmutations
  1125 | D:2      | Learned a level 3 spell: Spider Form
  1431 | D:2      | Reached XP level 4. HP: 28/32 MP: 7/7
  1900 | D:2      | Reached skill level 5 in Transmutations
  2712 | D:3      | Reached XP level 5. HP: 28/37 MP: 8/8
  3155 | D:3      | Found a bloodstained altar of Trog.
  3475 | D:3      | Found a shadowy altar of Dithmenos.
  3817 | D:4      | Found a shattered altar of Ashenzari.
  3923 | D:4      | Found a blossoming altar of Fedhas.
  3942 | D:4      | Noticed Menkaure
  3958 | D:4      | Killed from afar by Menkaure

Vault maps used:
D:1:      shiori_shiawase, minmay_pentomino_x2
D:3:      old_standard_altar, trog_three_pillars_becter
D:4:      dancing_weapons_uskayaw, fedhas_altar_2, first_bread,
          cheibrodos_ashenzari_chains, uniq_menkaure

Skill      XL: |  1  2  3  4 |
---------------+-------------+-----
Transmutations | 3 4 5 |  5.9
Unarmed Combat | 4 |  4.5
Fighting       | |  1.1
Dodging        | |  2.6
Spellcasting   | |  2.0

Action                   |  1- 3 |  4- 6 || total
-------------------------+-------+-------++-------
Melee: Unarmed           |    84 |   204 ||   288
       Headbutt          |     8 |    11 ||    19
       Punch             |       |     3 ||     3
 Cast: Beastly Appendage |    10 |    10 ||    20
  Use: Potion            |     6 |     1 ||     7
 Stab: Sleeping          |     5 |     5 ||    10
       Distracted        |       |     1 ||     1
  Eat: Chunk             |     2 |     7 ||     9
Armor: Robe              |    10 |    40 ||    50
Dodge: Dodged            |    58 |   109 ||   167
